 Dungeon Crawl Stone Soup version 0.24.0-29-g8ce449bc06 (webtiles) character file.

Game seed: 15722145540893236386, levelgen mode: deterministic

10383 dracomuter the Basher (level 11, -2/119 HPs)
             Began as a Troll Chaos Knight on Nov 14, 2019.
             Was a Plaything of Xom.
             Killed by divine providence
             ... invoked by Snorg the meliai
              (13 damage)
             ... on level 10 of the Dungeon.
             The game lasted 00:24:52 (8158 turns).

dracomuter the Basher (Troll Chaos Knight)          Turns: 8158, Time: 00:24:54

Health: -2/119     AC: 17    Str: 24    XL:     11   Next: 35%
Magic:  0/12       EV: 12    Int:  9    God:    Xom [*.....]
Gold:   536        SH:  0    Dex:  9    Spells: 10/10 levels left

rFire    + . .     SeeInvis .   a - +6 giant spiked club "Leviticus" {chaos, rF+ rN+ Int-2 Dex+2}
rCold    . . .     Gourm    +   (shield currently unavailable)
rNeg     + . .     Faith    .   t - +2 robe "Curcher" {Str+2}
rPois    .         Spirit   +   H - +2 hat {MR+}
rElec    .         Reflect  .   y - +2 cloak
rCorr    .         Harm     .   (gloves unavailable)
MR       ++...                  (boots unavailable)
Stlth    +.........             s - amulet of guardian spirit
HPRegen  0.69/turn              q - +4 ring of protection
MPRegen  0.13/turn              m - ring of protection from magic

@: no status effects
A: large, unfitting armour, claws 3, repulsion field 1, clumsy 1, fast
metabolism 3, gourmand, regeneration 1, shaggy fur 1, tough skin 3
a: Renounce Religion


You were on level 10 of the Dungeon.
You worshipped Xom.
You were a special plaything of Xom.
You were very full.

You visited 2 branches of the dungeon, and saw 11 of its levels.
You also visited: Sewer.

You collected 536 gold pieces.

Inventory:

Hand Weapons
 a - the +6 giant spiked club "Leviticus" (weapon) {chaos, rF+ rN+ Int-2 Dex+2}
   (Xom gifted it to you on level 5 of the Dungeon)

   Each time it hits an enemy it has a different, random effect.
   It affects your intelligence (-2).
   It affects your dexterity (+2).
   It protects you from fire.
   It protects you from negative energy.
 x - a +2 flail of protection
 F - a +0 giant spiked club
Missiles
 k - 71 poisoned darts (quivered)
 p - 4 throwing nets
 B - 2 curare-tipped darts
Armour
 t - the +2 robe "Curcher" (worn) {Str+2}
   (You found it in a sewer)

   It affects your strength (+2).
 y - a +2 cloak (worn)
 H - a +2 hat of magic resistance (worn)
Jewellery
 m - a ring of protection from magic (right claw)
 q - a +4 ring of protection (left claw)
 s - an amulet of guardian spirit (around neck)
 G - an uncursed ring of flight
Wands
 i - a wand of random effects (10)
 r - a wand of clouds (4)
Scrolls
 b - a scroll of summoning
 g - 2 scrolls of fog
 j - 4 scrolls of teleportation
 l - 2 scrolls of enchant weapon
 o - 11 scrolls of remove curse
 D - 2 scrolls of immolation
Potions
 d - 2 potions of agility
 e - 4 potions of curing
 f - 2 potions of brilliance
 h - a potion of cancellation {unknown}
 n - a potion of resistance {unknown}
 u - 3 potions of heal wounds
 v - 3 potions of flight
 w - 2 potions of might
 z - a potion of haste
 A - a potion of berserk rage
 C - a potion of lignification {unknown}
 E - 2 potions of ambrosia
Comestibles
 c - 16 rations


   Skills:
 + Level 10.6 Fighting
 + Level 11.5 Maces & Flails
 - Level 1.9 Dodging
 + Level 3.1 Evocations


You had 10 spell levels left.
You didn't know any spells.
Your spell library was empty.

Dungeon Overview and Level Annotations

Branches:
Dungeon (10/15)            Temple (1/1) D:4           Sewer (visited)
   Lair: D:8-11         Orc: D:9-12

Altars:
Ashenzari
Dithmenos
Elyvilon
Fedhas
Hepliaklqana
Kikubaaqudgha
Makhleb
Nemelex Xobeh
Okawaru
Qazlal
Ru
Trog
Uskayaw
Vehumet
Wu Jian
Xom
Yredelemnul
Zin

Shops:
D:4 %   D:9 (

Annotations:
D:10 Snorg


Innate Abilities, Weirdness & Mutations

You are too large for most types of armour.
You have claws for hands.
Your metabolism is lightning-fast.
You like to eat raw meat.
Your natural rate of healing is unusually fast.
You are covered in fur. (AC +1)
You have extremely tough skin. (AC +3)
You are surrounded by a mild repulsion field. (EV +2)
You are clumsy. (Dex -2)


Message History

Snorg claws you!
* * * LOW HITPOINT WARNING * * *
Snorg rages.
Unknown command.
Unknown command.
You puncture Snorg!
Snorg evaporates and reforms as a meliai!
Snorg is almost dead.
You are no longer glowing.
Snorg closely misses you. Snorg stings you but does no damage. Snorg hits you.
* * * LOW HITPOINT WARNING * * *
Snorg stings you!
* * * LOW HITPOINT WARNING * * *
You feel much better. Snorg hits you!
* * * LOW HITPOINT WARNING * * *
Snorg stings you!
* * * LOW HITPOINT WARNING * * *
Snorg calls down the wrath of its god upon you.
Something smites you!
You die...

#........>...#.#
#............#.#
#..........#...#
##.....##.#.#
##.######.#.)
#####....####.#.#
.......##.............#..
.......#..###...(####.###
.......#@## #....# #....
.......#y# #....# ####.
....<..#§# #....# #.
.Z.....#)# #....# #.
.Yo.Y..#§# #....# #.
.oTo..o§.# #.### #.
..o....### #. ....>.. ##
##+####


You could see Snorg the meliai.

Vanquished Creatures
  Gastronok (D:8)
  An unseen horror (D:9)
  A deep elf mage (D:10)
  Psyche (D:9)
  Prince Ribbit (D:8)
  A hippogriff (D:7)
  Eustachio (D:4)
  A human (D:8)
  Grum (D:10)
  12 yaks (D:10)
  A hungry ghost (D:10)
  A soldier ant (D:10)
  Edmund (D:4)
  3 orc warriors
  An ice beast (D:9)
  3 black bears
  A sky beast (D:9)
  6 ogres
  3 phantoms
  3 wolves
  4 centaurs
  A crocodile (D:7)
  A big kobold (Sewer)
  2 bullfrogs
  4 scorpions
  A killer bee (D:10)
  8 wights
  9 crimson imps
  A centaur zombie (D:10)
  A bullfrog skeleton (D:4)
  5 orc priests
  7 hounds
  A jelly (D:8)
  6 orc wizards
  3 iguanas
  Crazy Yiuf (D:5)
  8 worker ants
  A killer bee zombie (D:7)
  A hound skeleton (D:6)
  A hound zombie (D:8)
  A worker ant zombie (D:8)
  A howler monkey skeleton (D:5)
  10 adders
  7 river rats (Sewer)
  4 shadow imps
  A worm (D:2)
  3 dart slugs
  6 leopard geckos
  25 orcs
  6 bats
  9 giant cockroaches
  9 goblins
  7 hobgoblins
  10 jackals
  20 kobolds
  2 quokkas
  8 ball pythons
  9 frilled lizards
  A jackal skeleton (D:7)
  A leopard gecko zombie (D:6)
  26 rats
276 creatures vanquished.

Vanquished Creatures (collateral kills)
  Harold (D:9)
  A quokka skeleton (D:10)
2 creatures vanquished.

Grand Total: 278 creatures vanquished

Notes
Turn   | Place    | Note
-------+----------+-------------------------------------------
     0 | D:1      | dracomuter the Troll Chaos Knight began the quest for the
                  | Orb.
     0 | D:1      | Reached XP level 1. HP: 22/22 MP: 0/0
    77 | D:1      | XOM: harmless Chrm miscast
    87 | D:1      | Reached skill level 3 in Maces & Flails
    92 | D:1      | XOM: silly message
   100 | D:1      | Reached XP level 2. HP: 29/29 MP: 1/1
   393 | D:1      | XOM: divination: detect items
   446 | D:1      | XOM: stat loss: -1 Dex (8/9)
   743 | D:2      | Reached XP level 3. HP: 15/37 MP: 2/2
   880 | D:2      | XOM: give mutations
   880 | D:2      | Gained mutation: You are surrounded by a mild repulsion
                  | field. (EV +2) [Xom's mischief]
   880 | D:2      | Gained mutation: You are clumsy. (Dex -2) [Xom's mischief]
  1225 | D:2      | Found a shadowy altar of Dithmenos.
  1225 | D:2      | Found a white marble altar of Elyvilon.
  1226 | D:2      | Found a hide-covered altar of Uskayaw.
  1447 | D:3      | Reached XP level 4. HP: 45/45 MP: 3/3
  1482 | D:3      | XOM: harmless Fire miscast
  1499 | D:3      | Reached skill level 4 in Maces & Flails
  1649 | D:3      | Reached XP level 5. HP: 25/54 MP: 1/4
  1952 | D:3      | Found a stormy altar of Qazlal.
  1954 | D:3      | Found a hazy altar of Hepliaklqana.
  2418 | D:4      | Noticed an ogre
  2431 | D:4      | Killed an ogre
  2431 | D:4      | Reached XP level 6. HP: 38/62 MP: 2/5
  2485 | D:4      | Noticed Eustachio
  2489 | D:4      | XOM: confuse monster(s)
  2506 | D:4      | Killed Eustachio
  2506 | D:4      | Reached skill level 5 in Maces & Flails
  2579 | D:4      | Found a staircase to the Ecumenical Temple.
  2594 | D:4      | Reached skill level 5 in Fighting
  2594 | D:4      | Reached XP level 7. HP: 66/72 MP: 6/6
  2600 | D:4      | XOM: confuse monster(s)
  2679 | D:4      | Reached skill level 6 in Maces & Flails
  2771 | Temple   | XOM: noise
  2771 | Temple   | Entered the Ecumenical Temple
  2866 | D:4      | Found Cieff's Food Emporium.
  3192 | D:4      | Reached XP level 8. HP: 70/83 MP: 7/7
  3218 | D:4      | XOM: noise
  3259 | D:4      | Noticed Edmund
  3267 | D:4      | XOM: confusion (+ monsters)
  3297 | D:4      | XOM: smoke on damage
  3301 | D:4      | Killed Edmund
  3505 | D:5      | Entered Level 5 of the Dungeon
  3564 | D:5      | Reached skill level 7 in Maces & Flails
  3602 | D:5      | XOM: cast spell 'Ring of Flames'
  3608 | D:5      | XOM: scenery: create altars
  3783 | D:5      | Found a runed translucent door.
  3784 | D:5      | Noticed Crazy Yiuf
  3792 | D:5      | Killed Crazy Yiuf
  3870 | D:5      | XOM: 3-stop teleportation journey
  3901 | D:5      | XOM: god gift: brightly glowing giant spiked club {god
                  | gift}
  3904 | D:5      | Got a brightly glowing giant spiked club {god gift}
  3905 | D:5      | Identified the +6 giant spiked club "Leviticus" {chaos, rF+
                  | rN+ Int-2 Dex+2} (Xom gifted it to you on level 5 of the
                  | Dungeon)
  4019 | D:5      | You fall into a shaft and drop 3 floors!
  4155 | D:6      | Found a glowing drain.
  4171 | Sewer    | Entered a sewer
  4288 | Sewer    | Reached skill level 8 in Maces & Flails
  4459 | Sewer    | Got a faintly humming robe
  4483 | Sewer    | Identified the +2 robe "Curcher" {Str+2} (You found it in a
                  | sewer)
  4489 | Sewer    | XOM: medium Fire miscast
  4809 | D:6      | Reached XP level 9. HP: 93/93 MP: 8/8
  5024 | D:6      | Found a basalt altar of Yredelemnul.
  5038 | D:6      | XOM: noise
  5097 | D:6      | XOM: fog
  5218 | D:6      | XOM: torment (57/96 hp)
  5464 | D:7      | XOM: noise
  5666 | D:7      | XOM: mild Tloc miscast
  5669 | D:7      | Reached skill level 9 in Maces & Flails
  5871 | D:7      | XOM: mild Tloc miscast
  6025 | D:7      | XOM: cleaving
  6180 | D:7      | XOM: harmless Pois miscast
  6220 | D:8      | XOM: swap monsters
  6273 | D:8      | Noticed Gastronok
  6279 | D:8      | Killed Gastronok
  6279 | D:8      | Reached skill level 10 in Maces & Flails
  6279 | D:8      | Reached XP level 10. HP: 107/107 MP: 9/9
  6527 | D:8      | Noticed Prince Ribbit
  6532 | D:8      | Killed Prince Ribbit
  6891 | D:9      | XOM: 3-stop teleportation journey
  6940 | D:9      | XOM: god gift: robe {god gift}
  6999 | D:9      | Found an iron altar of Okawaru.
  7121 | D:9      | Found Vorerchu's Weapon Boutique.
  7175 | D:9      | Noticed Psyche
  7220 | D:9      | Noticed Harold
  7220 | D:9      | XOM: confuse monster(s)
  7228 | D:9      | Killed Harold
  7261 | D:9      | Killed Psyche
  7261 | D:9      | Reached skill level 10 in Fighting
  7536 | D:10     | Entered Level 10 of the Dungeon
  7541 | D:10     | XOM: noise
  7546 | D:10     | Reached skill level 11 in Maces & Flails
  7546 | D:10     | Reached skill level 1 in Evocations
  7557 | D:10     | Noticed a deep elf mage
  7558 | D:10     | XOM: summons friendly ufetubus
  7566 | D:10     | XOM: noise
  7566 | D:10     | Noticed Grum
  7567 | D:10     | Killed a deep elf mage
  7567 | D:10     | XOM: swap monsters
  7568 | D:10     | Killed Grum
  7569 | D:10     | Identified the +4 falchion of Yzec {freeze, -Tele Str+4
                  | Stlth+}
  7575 | D:10     | XOM: mild Conj miscast
  7577 | D:10     | Reached XP level 11. HP: 76/118 MP: 7/11
  7907 | D:9      | Killed an unseen horror
  8035 | D:10     | XOM: blink monster(s)
  8100 | D:10     | XOM: divination: detect items
  8123 | D:10     | Noticed Snorg
  8134 | D:10     | XOM: cast spell 'Chain of Chaos'
  8137 | D:10     | XOM: mild Hex miscast
  8152 | D:10     | XOM: confuse monster(s)
  8157 | D:10     | Noticed Snorg
  8157 | D:10     | Snorg changed into Snorg the meliai
  8158 | D:10     | Killed from afar by Snorg the meliai

Levels and vault maps discovered:
D:1:      eino_arrival_water_cross, layout_loops_ring, kennysheep_another_room
D:2:      layout_loops_ring, gammafunk_temple_overflow_claw
D:3:      layout_loops_corners, nicolae_overflow_hidden_temple
D:4:      layout_cave_pods, minmay_temple_entry_tees, serial_shops, shop,
          uniq_eustachio, uniq_edmund
D:5:      layout_rooms, first_ration, uniq_crazy_yiuf_cottage
D:6:      layout_loops_ring, gup_sewer_entry_pipe, basic_altar,
          chequers_ossuary_entry_cave
D:7:      layout_gridville
D:8:      layout_basic, grunt_pizzeria, uniq_prince_ribbit1, uniq_gastronok
D:9:      layout_cave_pods, overflow_temple_1_default, serial_shops,
          kennysheep_little_box, uniq_harold, uniq_psyche
D:10:     layout_roguey, lair_entry_dummy, nicolae_trove_entry_crystal,
          minmay_the_grid_2x2 [minmay_the_grid_holed_spiral,
          minmay_the_grid_spin_star, minmay_the_grid_empty,
          minmay_the_grid_prize_inner_circle], uniq_josephine, uniq_snorg,
          uniq_grum
Temple:   nicolae_temple_x_marks_the_god

Skill      XL: |  1  2  3  4  5  6  7  8  9 10 11 |
---------------+----------------------------------+-----
Maces & Flails | 3 4 5 6 8 10 11 | 11.5
Fighting       | 3 4 5 6 7 9 10 | 10.6
Evocations     | 1 3 |  3.1
Dodging        | |  1.9

Action                   |  1- 3 |  4- 6 |  7- 9 | 10-12 || total
-------------------------+-------+-------+-------+-------++-------
Melee: Mace              |   134 |    73 |    94 |       ||   301
       Giant spiked club |       |       |   242 |   180 ||   422
       Flail             |       |       |    66 |       ||    66
 Fire: Hunting sling     |       |     1 |       |       ||     1
Evoke: Wand              |       |       |       |     3 ||     3
  Use: Scroll            |       |     2 |    18 |     3 ||    23
       Potion            |       |       |       |     2 ||     2
 Stab: Sleeping          |     1 |       |       |       ||     1
       Confused          |     1 |       |     1 |     1 ||     3
       Paralysed         |       |       |     3 |       ||     3
  Eat: Chunk             |    19 |    11 |    35 |    22 ||    87
Armor: Robe              |    55 |    51 |   267 |   158 ||   531
Dodge: Dodged            |    66 |    42 |   366 |   161 ||   635
